 Dungeon Crawl Stone Soup version 0.21.1-1-g345015f (webtiles) character file.

50404 diana the Carver (level 14, -12/104 HPs)
             Began as an Octopode Fighter on June 16, 2018.
             Was an Initiate of Gozag.
             Mangled by an orc warrior
             ... wielding a +0 trident
             ... led by an orc knight
              (33 damage)
             ... on level 1 of the Orcish Mines.
             The game lasted 00:55:18 (20873 turns).

diana the Carver (Octopode Fighter)                Turns: 20873, Time: 00:55:19

Health: -12/104    AC:  5    Str: 23    XL:     14   Next: 55%
Magic:  23/23      EV: 18    Int: 10    God:    Gozag
Gold:   4147       SH:  8    Dex: 15    Spells: 9/13 levels left

rFire    + . .     SeeInvis +   T - +3 scimitar (flame)
rCold    . . .     Gourm    .   K - +2 buckler {AC+3}
rNeg     . . .     Faith    .   (helmet restricted)
rPois    .         Spirit   .   e - amulet of regeneration
rElec    .         Reflect  .   n - ring of stealth
rCorr    .         Harm     .   q - +1 ring of protection
MR       +....                  G - ring "Xibodd" {rF+ Str+6}
Stlth    +++++.....             H - ring of see invisible
HPRegen  0.67/turn              X - ring of magical power
MPRegen  0.18/turn              (no ring)
                                (no ring)
                                (no ring)

@: gold aura, heavily drained
A: almost no armour, stealthy swim, amphibious, 8 rings, constrict 8, camouflage
1, gelatinous body 1
a: Potion Petition, Call Merchant, Bribe Branch, Renounce Religion


You were on level 1 of the Orcish Mines.
You worshipped Gozag.
Gozag was most pleased with you.
You were near starving.

You visited 4 branches of the dungeon, and saw 21 of its levels.
You also visited: Sewer and Volcano.

You collected 5124 gold pieces.
You spent 468 gold pieces at shops.
You paid 509 gold pieces to Gozag.

Inventory:

Hand Weapons
 Q - a +6 hand crossbow of freezing
 T - a +3 scimitar of flaming (weapon)
Missiles
 o - 30 bolts
 R - 2 throwing nets (quivered)
Armour
 b - a +0 shield
 K - a +2 buckler of protection (worn)
Jewellery
 e - an amulet of regeneration (around mantle)
 n - a ring of stealth (left tentacle)
 q - a +1 ring of protection (right tentacle)
 G - the ring "Xibodd" (on tentacle) {rF+ Str+6}
   (You found it on level 8 of the Dungeon)

   [ring of protection from fire]

   It affects your strength (+6).
   It protects you from fire.
 H - a ring of see invisible (on tentacle)
 X - a ring of magical power (on tentacle)
Wands
 a - a wand of disintegration (10)
 w - a wand of flame (60)
 y - a wand of acid (9)
 z - a wand of polymorph (20)
 N - a wand of digging (23)
 P - a wand of iceblast (1)
Scrolls
 f - 4 scrolls of fear
 i - 7 scrolls of teleportation
 k - 3 scrolls of enchant weapon
 m - 7 scrolls of remove curse
 p - 6 scrolls of blinking
 t - 3 scrolls of amnesia
 u - 2 scrolls of noise
 v - a scroll of brand weapon
 C - a scroll of summoning {unknown}
 I - 2 scrolls of magic mapping {unknown}
 O - 2 scrolls of immolation {unknown}
 S - a scroll of fog {unknown}
 V - 2 scrolls of torment {unknown}
 W - 2 scrolls of vulnerability {unknown}
Potions
 c - a potion of berserk rage {unknown}
 g - 6 potions of heal wounds
 h - 2 potions of agility
 j - 5 potions of curing
 l - 2 potions of cancellation
 r - 3 potions of brilliance
 s - 4 potions of magic {unknown}
 B - 3 potions of resistance {unknown}
 D - 2 potions of ambrosia {unknown}
 E - 2 potions of degeneration {unknown}
 F - a potion of invisibility {unknown}
 J - 3 potions of flight {unknown}
 L - 2 potions of haste {unknown}
 M - 3 potions of mutation {unknown}
Books
 Y - a book of the Sky

   Spells                             Type                      Level
   a - Summon Lightning Spire         Summoning/Air                4
   b - Silence                        Hexes/Air                    5
   c - Deflect Missiles               Charms/Air                   6
   d - Conjure Ball Lightning         Conjuration/Air              6
   e - Tornado                        Air                          9
Comestibles
 d - 19 rations


   Skills:
 + Level 12.6(9.2) Fighting
 - Level 14.2(10.7) Long Blades
 + Level 5.6(2.9) Crossbows
 * Level 10.4(7.2) Dodging
 - Level 9.8(6.7) Stealth
 * Level 10.2(7.1) Shields


You had 9 spell levels left.
You knew the following spells:

 Your Spells              Type           Power        Failure   Level  Hunger
a - Regeneration          Chrm/Necr      #.........   75%         3    ####...
b - Apportation           Tloc           #.....       36%         1    ##.....


Dungeon Overview and Level Annotations

Branches:
Dungeon (14/15)            Temple (1/1) D:6            Lair (4/6) D:9
  Swamp (0/4) Lair:3       Spider (0/4) Lair:4          Orc (2/2) D:12
    Elf (0/3) Orc:2
 Vaults: D:13-14

Altars:
Ashenzari
Cheibriados
Dithmenos
Elyvilon
Fedhas
Gozag
Hepliaklqana
Kikubaaqudgha
Makhleb
Nemelex Xobeh
Okawaru
Qazlal
Ru
Sif Muna
Trog
Uskayaw
Vehumet
Wu Jian
Xom
Yredelemnul
Zin
The Shining One

Shops:
D:11 (


Innate Abilities, Weirdness & Mutations

You cannot wear most types of armour.
You are very stealthy in the water. (Stealth+)
You are amphibious.
You can wear up to eight rings at the same time.
You can use your tentacles to constrict eight enemies at once.
Your skin changes colour to match your surroundings (Stealth+).
Your rubbery body absorbs attacks. (AC +1, EV +1)


Message History

You constrict the orc knight. You block the orc warrior's attack.
The orc knight hits you with a war axe of draining!
You feel drained.
Unknown command.
You barely miss the orc knight. You squeeze the orc knight.
The orc knight is severely wounded.
You constrict the orc knight. You block the orc warrior's attack.
The orc knight hits you with a war axe of draining!!
* * * LOW HITPOINT WARNING * * *
You feel drained.
* * * LOW HITPOINT WARNING * * *
You feel much better.
You constrict the orc knight.
The orc warrior hits you with a trident!!
* * * LOW HITPOINT WARNING * * *
You block the orc knight's attack.
You slash the orc knight! You burn the orc knight.
You kill the orc knight!
The orc warrior hits you with a trident!!
You die...
Your body crumbles into a pile of gold.

###..[)...# ##..........
##......#.... ###
##......####[. ##.##
##.#......#.... #...#
#..###.........
##...#####...##.........
###....#.#$......##......#
##.#......@[..#...##.....##
##.........o...#...#.#..###
#......##.....##.....##.#
#....####.....###......##
#.#..###.......#....#.##
###...#............####
##........#.......#
##....#.###...####
##...####......##


You could see an orc warrior.

Vanquished Creatures
  Kirke (Lair:3)
  A fire dragon (Volcano)
  Josephine (D:12)
  Erolcha (Orc:1)
  Harold (Lair:2)
  A hydra (D:12)
  Erica (D:9)
  A centaur warrior (D:13)
  9 two-headed ogres
  Urug (D:10)
  Nergalle (D:12)
  An orc high priest (Orc:2)
  A shadow wraith (D:14)
  The ghost of Ethylacetat the Demonic Mishap, a novice DsMo of Qazlal (D:8)
  An orc knight (Orc:1)
  A necromancer (D:14)
  3 salamanders (Volcano)
  An ugly thing (D:12)
  4 cyclopes
  An orc sorcerer (Orc:1)
  A manticore (D:13)
  5 elephants
  2 centaur zombies (D:10)
  2 black mambas
  2 centaur skeletons
  A gargoyle (D:13)
  4 spiny frogs
  An efreet (D:13)
  A kobold demonologist (D:11)
  5 komodo dragons
  4 trolls
  A queen bee (D:9)
  2 hornets
  A polar bear (Lair:4)
  6 dream sheep (Lair:4)
  Grinder (D:6)
  A hornet (shapeshifter) (D:10)
  A wind drake (shapeshifter) (D:14)
  2 hippogriffs (Lair:4)
  5 slime creatures
  A meliai zombie (D:13)
  2 vampires
  A shadow (D:13)
  6 wraiths
  26 yaks
  4 hogs (Lair:3)
  11 wyverns
  A human (D:8)
  6 basilisks
  6 fire bats (Volcano)
  A hungry ghost (D:8)
  4 steam dragons (Volcano)
  2 wargs (Orc:2)
  Menkaure (D:7)
  An acid dragon (D:13)
  4 water moccasins
  6 orc warriors
  6 sky beasts
  4 porcupines
  A swamp drake (Lair:3)
  A black bear (D:8)
  2 wolves (D:9)
  2 ice beasts
  7 ogres
  3 phantoms
  8 centaurs
  9 crocodiles
  3 big kobolds
  15 bullfrogs
  A gnoll sergeant (D:8)
  A wyvern zombie (D:12)
  A wyvern skeleton (D:9)
  4 scorpions
  34 killer bees
  6 wights
  3 electric eels (D:9)
  2 howler monkeys (D:7)
  A vampire bat (Orc:1)
  2 crimson imps
  A quasit (D:9)
  6 hounds
  3 orc priests
  A bullfrog skeleton (D:11)
  7 jellies
  14 orc wizards
  4 iguanas
  13 worker ants
  A worker ant zombie (D:8)
  Robin (D:4)
  6 gnolls
  2 river rats (Sewer)
  17 adders
  4 shadow imps
  2 oozes
  An adder zombie (D:7)
  An adder skeleton (D:9)
  4 worms
  3 dart slugs
  5 leopard geckos
  43 orcs
  3 ball pythons
  6 giant cockroaches
  14 goblins
  15 hobgoblins
  8 jackals
  12 kobolds
  3 quokkas
  14 bats
  11 frilled lizards
  A goblin zombie (D:2)
  A jackal skeleton (D:4)
  2 leopard gecko skeletons
  A quokka zombie (D:6)
  10 rats
  A plant (Volcano)
521 creatures vanquished.

Vanquished Creatures (others)
  A wyvern (Volcano)
  3 humans
  An orc (Orc:2)
  A fungus (Lair:4)
  3 plants
9 creatures vanquished.

Grand Total: 530 creatures vanquished

Notes
Turn   | Place    | Note
-------+----------+-------------------------------------------
     0 | D:1      | diana the Octopode Fighter began the quest for the Orb.
     0 | D:1      | Reached XP level 1. HP: 16/16 MP: 1/1
   146 | D:1      | Reached XP level 2. HP: 21/21 MP: 2/2
   493 | D:1      | Reached skill level 3 in Long Blades
   580 | D:1      | Reached XP level 3. HP: 26/26 MP: 3/3
   880 | D:2      | HP: 1/26 [goblin/stone (4)]
  1324 | D:2      | Reached XP level 4. HP: 24/33 MP: 4/4
  1461 | D:2      | Noticed a human
  1462 | D:2      | Found a runed door.
  1470 | D:2      | Found a basalt altar of Yredelemnul.
  1788 | D:2      | Found a blossoming altar of Fedhas.
  1792 | D:2      | Reached skill level 4 in Long Blades
  2462 | D:3      | Reached XP level 5. HP: 37/37 MP: 5/5
  2513 | D:3      | Found a faded altar of an unknown god.
  2867 | D:3      | Found a hazy altar of Hepliaklqana.
  3537 | D:4      | Noticed an ogre
  3546 | D:4      | Killed an ogre
  3546 | D:4      | Reached skill level 5 in Long Blades
  3546 | D:4      | Reached XP level 6. HP: 15/44 MP: 6/6
  3624 | D:4      | Found a glowing drain.
  3648 | Sewer    | Entered a sewer
  4008 | D:4      | Noticed Robin
  4032 | D:4      | Killed Robin
  4508 | D:4      | Reached skill level 5 in Fighting
  4508 | D:4      | Reached skill level 6 in Long Blades
  4508 | D:4      | Reached XP level 7. HP: 45/50 MP: 7/7
  4727 | D:4      | Found an ancient bone altar of Kikubaaqudgha.
  4728 | D:4      | Noticed a human
  4732 | D:4      | Killed a human
  5023 | D:5      | Entered Level 5 of the Dungeon
  5271 | D:5      | Found a sacrificial altar of Ru.
  5325 | D:5      | Reached skill level 7 in Long Blades
  5458 | D:5      | Reached XP level 8. HP: 27/57 MP: 8/8
  5792 | D:6      | Reached skill level 8 in Long Blades
  6012 | D:6      | Noticed Grinder
  6018 | D:6      | Killed Grinder
  6112 | D:6      | Reached skill level 9 in Long Blades
  6199 | D:6      | Found a staircase to the Ecumenical Temple.
  6288 | D:6      | Found a bloodstained altar of Trog.
  6288 | D:6      | Found a stormy altar of Qazlal.
  6399 | Temple   | Entered the Ecumenical Temple
  6519 | Temple   | Became a worshipper of Gozag Ym Sagoz the Greedy
  6603 | D:7      | Reached XP level 9. HP: 59/64 MP: 9/9
  6746 | D:7      | Found a hide-covered altar of Uskayaw.
  6777 | D:7      | Noticed Menkaure
  6781 | D:7      | Killed Menkaure
  6942 | D:7      | Reached skill level 10 in Long Blades
  7197 | D:8      | Noticed Ethylacetat's ghost (novice DsMo)
  7345 | D:8      | Killed Ethylacetat's ghost
  7345 | D:8      | Reached skill level 11 in Long Blades
  7498 | D:8      | Noticed a hornet
  7502 | D:8      | Killed a hornet
  7502 | D:8      | Reached XP level 10. HP: 71/73 MP: 10/10
  7738 | D:8      | Got a brightly glowing turquoise ring
  7739 | D:8      | Identified the ring "Xibodd" {rF+ Str+6} (You found it on level 8 of the Dungeon)
  8258 | D:9      | Reached skill level 12 in Long Blades
  8771 | D:9      | Found a staircase to the Lair.
  8948 | D:9      | Noticed Erica
  8960 | D:9      | Killed Erica
  8960 | D:9      | Reached skill level 10 in Fighting
  8960 | D:9      | Reached skill level 13 in Long Blades
  8960 | D:9      | Reached XP level 11. HP: 44/81 MP: 11/11
  9409 | D:10     | Entered Level 10 of the Dungeon
  9732 | D:10     | Noticed an unseen horror
  9732 | D:10     | a shapeshifter changed into an unseen horror
  9733 | D:10     | an unseen horror changed into a soldier ant
  9751 | D:10     | Noticed a two-headed ogre
  9796 | D:9      | HP: 2/82 [two-headed ogre/giant spiked club (18)]
  9984 | D:9      | Killed a two-headed ogre
 10010 | D:10     | Noticed Urug
 10020 | D:10     | Killed Urug
 10020 | D:10     | Reached skill level 14 in Long Blades
 10156 | D:10     | Noticed a two-headed ogre
 10265 | D:10     | Killed a two-headed ogre
 10389 | D:10     | Noticed a cyclops
 10479 | D:10     | Killed a cyclops
 10627 | D:10     | Noticed a two-headed ogre
 10773 | D:11     | Reached skill level 1 in Stealth
 11003 | D:10     | Killed a two-headed ogre
 11525 | D:11     | Reached XP level 12. HP: 63/90 MP: 12/12
 11986 | D:12     | Reached skill level 5 in Dodging
 11986 | D:12     | Reached skill level 5 in Shields
 12002 | D:12     | Noticed a six-headed hydra
 12014 | D:12     | Killed a three-headed hydra
 12220 | D:12     | Noticed Josephine
 12360 | D:12     | Noticed a two-headed ogre
 12384 | D:11     | Killed a two-headed ogre
 12562 | D:11     | Bought a glowing triple crossbow for 312 gold pieces
 12691 | D:12     | Reached skill level 5 in Stealth
 12772 | D:12     | Killed Josephine
 12772 | D:12     | Reached skill level 1 in Crossbows
 12967 | D:12     | Found a staircase to the Orcish Mines.
 13206 | D:12     | Noticed Nergalle
 13213 | D:12     | Killed Nergalle
 13508 | D:12     | Noticed a two-headed ogre
 13525 | D:12     | Killed a two-headed ogre
 14071 | D:11     | Bought a glowing hand crossbow for 156 gold pieces
 14476 | D:13     | Reached XP level 13. HP: 92/96 MP: 13/13
 15387 | Lair:1   | Entered Level 1 of the Lair of Beasts
 15479 | Lair:1   | Learned a level 3 spell: Regeneration
 15481 | Lair:1   | Learned a level 1 spell: Apportation
 15838 | Lair:1   | You fall through a shaft!
 16200 | Lair:2   | Noticed Harold
 16215 | Lair:2   | Killed Harold
 16738 | Lair:3   | Found a staircase to the Swamp.
 17491 | Lair:3   | Found a glowing golden altar of the Shining One.
 18038 | Lair:4   | Found a hole to the Spider Nest.
 18215 | Lair:4   | Noticed Kirke
 18269 | Lair:3   | Killed Kirke
 18269 | Lair:3   | Reached XP level 14. HP: 95/103 MP: 14/14
 18512 | Lair:4   | Reached skill level 5 in Crossbows
 19007 | Orc:1    | Entered Level 1 of the Orcish Mines
 19401 | Orc:1    | Found a dark tunnel.
 19470 | Volcano  | Entered a volcano
 19685 | Volcano  | Reached skill level 10 in Dodging
 19780 | Volcano  | Reached skill level 10 in Shields
 20345 | Orc:2    | Entered Level 2 of the Orcish Mines
 20348 | Orc:2    | Noticed Erolcha
 20398 | Orc:1    | Killed Erolcha
 20619 | Orc:2    | Found a staircase to the Elven Halls.
 20873 | Orc:1    | Mangled by an orc warrior

Skill      XL: |  1  2  3  4  5  6  7  8  9 10 11 12 13 14 |
---------------+-------------------------------------------+-----
Long Blades    | 3 4 5 6 7 9 11 13 14 | 14.2
Fighting       | 4 5 7 8 10 11 12 | 12.6
Stealth        | 3 6 8 9 |  9.8
Dodging        | 4 7 9 10 | 10.4
Shields        | 4 7 9 10 | 10.2
Crossbows      | 2 4 5 |  5.6

Action                   |  1- 3 |  4- 6 |  7- 9 | 10-12 | 13-15 || total
-------------------------+-------+-------+-------+-------+-------++-------
Melee: Long sword        |    59 |   170 |   102 |       |       ||   331
       Constrict         |    15 |    52 |    44 |    64 |    63 ||   238
       Tentacles         |    10 |    27 |    57 |   143 |   172 ||   409
       Scimitar          |       |       |   114 |   483 |   441 ||  1038
 Fire: Triple crossbow   |       |       |       |     1 |       ||     1
       Hand crossbow     |       |       |       |       |     4 ||     4
Throw: Throwing net      |       |       |       |     1 |       ||     1
Invok: Call Merchant     |       |       |       |     1 |       ||     1
       Potion Petition   |       |       |       |       |     1 ||     1
Evoke: Wand              |       |       |       |     6 |     6 ||    12
  Use: Scroll            |       |       |     5 |     6 |     8 ||    19
       Potion            |       |       |     1 |     6 |     3 ||    10
 Stab: Sleeping          |     1 |     6 |     9 |    22 |    21 ||    59
       Distracted        |       |     1 |     1 |     2 |     6 ||    10
  Eat: Chunk             |       |    11 |     6 |       |       ||    17
       Ration            |       |       |     2 |     6 |     6 ||    14
Armor: Skin              |     6 |    12 |    11 |    16 |    41 ||    86
Dodge: Dodged            |    31 |    63 |    79 |   226 |   263 ||   662
Block: Shield            |    28 |    75 |    87 |    87 |       ||   277
       Buckler           |       |       |       |    78 |   140 ||   218
       Rpst.: Long sword |     9 |    13 |     8 |       |       ||    30
       Scimitar          |       |       |    17 |    50 |    72 ||   139
